 Dungeon Crawl Stone Soup version 0.23-a0-49-gd9f7a49 (webtiles) character file.

23 Amnesiac the Digger (level 2, -5/19 HPs)
             Began as a Mummy Earth Elementalist on Aug 6, 2018.
             Slain by an ogre
             ... wielding a +0 giant club
              (24 damage)
             ... on level 4 of the Dungeon.
             The game lasted 00:01:47 (961 turns).

Amnesiac the Digger (Mummy Earth Elementalist)       Turns: 961, Time: 00:01:48

Health: -5/19      AC:  2    Str: 11    XL:     2   Next: 72%
Magic:  2/6        EV: 12    Int: 14    God:
Gold:   66         SH:  0    Dex: 12    Spells: 4/7 levels left

rFire    x . .     SeeInvis .   (no weapon)
rCold    + . .     Gourm    .   (no shield)
rNeg     + + +     Faith    .   c - +0 robe
rPois    ∞         Spirit   .   (no helmet)
rElec    .         Reflect  .   (no cloak)
rCorr    .         Harm     +   (no gloves)
MR       .....                  (no boots)
Stlth    ++........             f - amulet of harm
HPRegen  0.06/turn              (no ring)
MPRegen  0.10/turn              (no ring)

@: no status effects
A: no food or potions, fire vulnerability, cold resistance 1, negative energy
resistance 3, torment resistance, unbreathing
a: no special abilities


You were on level 4 of the Dungeon.
You were not hungry.

You visited 1 branch of the dungeon, and saw 4 of its levels.

You collected 66 gold pieces.

Inventory:

Missiles
 b - 87 stones (quivered)
Armour
 c - a +0 robe (worn)
Jewellery
 f - an amulet of harm (around neck)
 g - an uncursed ring of positive energy {unknown}
Wands
 j - a wand of iceblast (5)
Scrolls
 a - a scroll of enchant armour {!r, unknown}
 d - 4 scrolls of identify {!r, unknown}
 e - a scroll of fog {!r, unknown}
 h - a scroll of remove curse {!r, unknown}
 i - a scroll of blinking {!r, unknown}
 k - a scroll of amnesia {!r, unknown}


   Skills:
 - Level 1.5 Dodging
 - Level 1.5 Stealth
 + Level 3.0 Spellcasting
 - Level 0.7 Transmutations
 * Level 3.2 Earth Magic


You had 4 spell levels left.
You knew the following spells:

 Your Spells              Type           Power        Failure   Level  Hunger
a - Sandblast             Erth           ##....       6%          1    N/A
b - Passwall              Tmut/Erth      #.......     14%         2    N/A

Your spell library contained the following spells:

 Spells                   Type           Power        Failure   Level  Hunger
 Stone Arrow              Conj/Erth      #.....       32%         3    N/A
 Lee's Rapid Deconstruct  Erth           ##........   85%         5    N/A
 Petrify                  Tmut/Erth      #.......     67%         4    N/A

Dungeon Overview and Level Annotations

Branches:
Dungeon (4/15)
 Temple: D:4-7

Altars:
Dithmenos

Annotations:
D:1 Terence


Innate Abilities, Weirdness & Mutations

You do not eat or drink.
Your flesh is vulnerable to fire.
You are immune to poison.
Your flesh is cold resistant. (rC+)
You are immune to negative energy. (rN+++)
You are immune to unholy pain and torment.
You can survive without breathing.


Message History

Confirm with . or Enter, or press ? or * to list all spells.
You can't see any susceptible monsters within range! (Use Z to cast anyway.)
Casting: Passwall (safe; 14% risk of failure)
Confirm with . or Enter, or press ? or * to list all spells.
You can't see any susceptible monsters within range! (Use Z to cast anyway.)
Casting: Passwall (safe; 14% risk of failure)
Confirm with . or Enter, or press ? or * to list all spells.
You can't see any susceptible monsters within range! (Use Z to cast anyway.)
Casting: Passwall (safe; 14% risk of failure)
Confirm with . or Enter, or press ? or * to list all spells.
You can't see any susceptible monsters within range! (Use Z to cast anyway.)
Casting: Passwall (safe; 14% risk of failure)
Confirm with . or Enter, or press ? or * to list all spells.
You can't see any susceptible monsters within range! (Use Z to cast anyway.)
Casting: Passwall (safe; 14% risk of failure)
Confirm with . or Enter, or press ? or * to list all spells.
You can't see any susceptible monsters within range! (Use Z to cast anyway.)
Casting: Passwall (safe; 14% risk of failure)
Confirm with . or Enter, or press ? or * to list all spells.
You can't see any susceptible monsters within range! (Use Z to cast anyway.)
Casting: Passwall (safe; 14% risk of failure)
Confirm with . or Enter, or press ? or * to list all spells.
You can't see any susceptible monsters within range! (Use Z to cast anyway.)
Found 10 gold pieces.
Casting: Passwall (safe; 14% risk of failure)
Confirm with . or Enter, or press ? or * to list all spells.
You can't see any susceptible monsters within range! (Use Z to cast anyway.)
Casting: Passwall (safe; 14% risk of failure)
Confirm with . or Enter, or press ? or * to list all spells.
You can't see any susceptible monsters within range! (Use Z to cast anyway.)
Casting: Passwall (safe; 14% risk of failure)
Confirm with . or Enter, or press ? or * to list all spells.
Aiming: Sandblast (safe; 6% risk of failure)
Press: ? - help, Shift-Dir - straight line, f - ogre
Aim: an ogre, wielding a giant club The blast of sand hits the ogre.
The ogre is heavily wounded.
b - 90 stones
Casting: Sandblast (safe; 6% risk of failure)
Confirm with . or Enter, or press ? or * to list all spells.
Aiming: Sandblast (safe; 6% risk of failure)
Press: ? - help, Shift-Dir - straight line, f/p - ogre
Aim: an ogre, wielding a giant club (heavily wounded)
The blast of sand hits the ogre.
The ogre is almost dead.
b - 89 stones
Casting: Sandblast (safe; 6% risk of failure)
Confirm with . or Enter, or press ? or * to list all spells.
Aiming: Sandblast (safe; 6% risk of failure)
Press: ? - help, Shift-Dir - straight line, f/p - ogre
Aim: an ogre, wielding a giant club (almost dead)
The blast of sand hits the ogre.
The ogre is almost dead.
b - 88 stones
Casting: Sandblast (safe; 6% risk of failure)
Confirm with . or Enter, or press ? or * to list all spells.
Aiming: Sandblast (safe; 6% risk of failure)
Press: ? - help, Shift-Dir - straight line, f/p - ogre
Aim: an ogre, wielding a giant club (almost dead)
The blast of sand misses the ogre.
b - 87 stones The ogre hits you with a giant club!!
Ouch! That really hurt!
You die...

#################
#................
#...!............
#........<.......
#................
#................
#...............>
#...@O...........
#...........)....
########.........
.......... ......
...$


You could see an ogre.

Vanquished Creatures
  An adder (D:2)
  An ooze (D:2)
  2 bats (D:1)
  A goblin (D:1)
  2 kobolds (D:1)
  A frilled lizard (D:2)
  3 rats (D:1)
11 creatures vanquished.

Notes
Turn   | Place    | Note
-------+----------+-------------------------------------------
     0 | D:1      | Amnesiac the Mummy Earth Elementalist began the quest for the Orb.
     0 | D:1      | Reached XP level 1. HP: 13/13 MP: 4/4
   131 | D:2      | Noticed Terence
   177 | D:1      | Reached XP level 2. HP: 7/19 MP: 3/5
   188 | D:1      | Learned a level 2 spell: Passwall
   848 | D:3      | Found a shadowy altar of Dithmenos.
   951 | D:4      | Found Woikliuk's Assorted Antiques.
   951 | D:4      | Noticed an ogre
   961 | D:4      | Slain by an ogre

Vault maps used:
D:1:      kennysheep_arrival_forest
D:2:      cheibrodos_old_hovel, lemuel_round_altar, grunt_gozag_breadcrumbs,
          minivault_14, kennysheep_nondescript, uniq_terence
D:3:      chequers_ecumenical_altar_lobes, first_ration,
          nicolae_dithmenos_shadow_blocks
D:4:      serial_shops, shop

Skill      XL: |  1  2 |
---------------+-------+-----
Earth Magic    | 3 |  3.2
Spellcasting   | 3 |  3.0
Dodging        | |  1.5
Stealth        | |  1.5
Transmutations | |  0.7

Action                   || total
-------------------------++-------
Melee: Unarmed           ||    58
 Cast: Sandblast         ||    17
       Passwall          ||     2
 Stab: Sleeping          ||     1
Armor: Robe              ||    27
Dodge: Dodged            ||    55

Table legend:
 A = Spawn XP
 B = Non-spawn XP
 C = Spawn XP percentage of total XP
 D = Spawn monster count
 E = Non-spawn monster count
 F = Spawn count percentage of total count
 G = Total turns spent on level
                    A         B        C        D         E        F      G
               +---------+---------+-------+---------+---------+-------+---------
         Total |       0 |      33 |   0.0 |       0 |      11 |   0.0 |   961
               +---------+---------+-------+---------+---------+-------+---------
           D:1 |       0 |      12 |   0.0 |       0 |       8 |   0.0 |   620
           D:2 |       0 |      21 |   0.0 |       0 |       3 |   0.0 |   223
               +---------+---------+-------+---------+---------+-------+---------
